 Dungeon Sprint DCSS version 0.25-a0-474-ga8a2ee3166 (webtiles) character file.

Game seed: 5669344940587446612, levelgen mode: deterministic

18538 night the Wrestler (level 12, -15/154 HPs)
             Began as a Troll Fighter on Feb 7, 2020.
             Was the Champion of Jiyva.
             Hit by a large rock thrown by a stone giant (37 damage)
             ... in the Dungeon (Sprint IX: "|||||||||||||||||||||||||||||").
             The game lasted 00:10:51 (2362 turns).

night the Wrestler (Troll Fighter)                  Turns: 2362, Time: 00:10:51

Health: -15/154    AC: 13    Str: 32    XL:     12   Next: 28%
Magic:  9/9        EV: 10    Int:  6    God:    Jiyva [******]
Gold:   1751       SH: 20    Dex: 14    Spells: 11/11 levels left

rFire    . . .     SeeInvis .     - Unarmed
rCold    . . .     Gourm    +   F - +1 large shield
rNeg     . . .     Faith    .   G - +0 swamp dragon scales
rPois    +         Spirit   .   (helmet restricted)
rElec    .         Reflect  .   E - +1 cloak
rCorr    +         Harm     .   (gloves unavailable)
MR       .....     NoTele   +   (boots unavailable)
Stlth    ..........             (no amulet)
HPRegen  0.75/turn              q - +3 ring of intelligence
MPRegen  0.11/turn              r - +3 ring of strength

@: no status effects
A: large, unfitting armour, claws 3, hooves 1, slimy green scales 1, agile 1,
fast metabolism 3, gourmand, low mp 1, poison resistance, regeneration 1, robust
1, shaggy fur 1, tough skin 3, acidic bite, gelatinous body 2, pseudopods 1,
jelly absorbing missiles
a: Request Jelly, Slimify, Cure Bad Mutation, Renounce Religion


You were in the Dungeon.
You worshipped Jiyva.
Jiyva was exalted by your worship.
You were full.

You visited 1 branch You collected 1938 gold pieces.
You spent 187 gold pieces at shops.

Inventory:

Missiles
 x - a large rock (quivered)
 y - a throwing net
Armour
 a - a +0 robe
 b - a +0 shield
 p - a +0 cloak
 w - a +2 robe of resistance
 E - a +1 cloak (worn)
 F - a +1 large shield (worn)
 G - +0 swamp dragon scales (worn)
Jewellery
 q - a +3 ring of intelligence (left claw)
 r - a +3 ring of strength (right claw)
 z - an uncursed ring of fire
 A - an uncursed ring of protection from fire
 B - an uncursed ring of fire
 C - an uncursed ring of protection from fire
Wands
 o - a wand of iceblast (4)
Scrolls
 j - 3 scrolls of blinking
 m - 5 scrolls of remove curse
 n - 2 scrolls of amnesia
 s - 2 scrolls of fear
 t - 2 scrolls of identify
 u - 6 scrolls of enchant weapon
 D - 4 scrolls of enchant armour
Potions
 c - 3 potions of might
 e - 4 potions of curing
 f - 7 potions of heal wounds
 g - 2 potions of haste
 h - 4 potions of magic
 i - a potion of berserk rage
 k - a potion of agility
 l - a potion of invisibility
 v - a potion of brilliance
Comestibles
 d - 12 rations


   Skills:
 + Level 14.6 Fighting
 - Level 2.4 Dodging
 - Level 9.3 Shields
 * Level 22.3 Unarmed Combat


You had 11 spell levels left.
You didn't know any spells.
Your spell library was empty.

Dungeon Overview and Level Annotations

Branches:
Dungeon (1/1)

Altars:
Cheibriados
Dithmenos
Elyvilon
Fedhas
Gozag
Hepliaklqana
Kikubaaqudgha
Makhleb
Nemelex Xobeh
Okawaru
Qazlal
Ru
Sif Muna
Trog
Uskayaw
Vehumet
Wu Jian
Xom
Yredelemnul
Zin
The Shining One
Beogh
Jiyva
Lugonu

Shops:
D [%?%


Innate Abilities, Weirdness & Mutations

You are too large for most types of armour.
You have claws for hands.
Your metabolism is lightning-fast.
You like to eat raw meat.
Your natural rate of healing is unusually fast.
You are covered in fur. (AC +1)
You have extremely tough skin. (AC +3)
You have large cloven feet.
You are partially covered in slimy green scales. (AC +2)
You are agile. (Dex +2)
Your magical capacity is low. (-10% MP)
Your system is resistant to poisons. (rPois)
You are robust. (+10% HP)
You have acidic saliva.
Your pliable body absorbs attacks. (AC +2, EV +2)
Armour fits poorly on your pseudopods.
You have a small jelly attached to you that may absorb incoming projectiles.


Message History

You scratch the centaur warrior. Your kick misses the centaur warrior.
You bite the centaur warrior, but do no damage.
You bludgeon the centaur warrior.
The centaur warrior is almost dead.
The centaur warrior hits you but does no damage.
Your shield and swamp dragon scales prevent you from hitting the centaur warrior.
You kick the centaur warrior.
You kill the centaur warrior!
The stone giant throws a large rock.
The large rock hits you!!
* * * LOW HITPOINT WARNING * * *
Items here: (( ) † 2 large rocks; a +0 shortbow; 25 arrows; a stone giant corpse The stone giant throws a large rock.
The large rock closely misses you.
Items here: (( )))) [[[ †††† The stone giant throws a large rock.
You block the large rock.
There is an open door to the Dungeon here.
Things that are here:
2 large rocks; an arrow The stone giant throws a large rock.
The large rock hits you!!!
You die...

▓_▓.▓.▓)▓.▓.▓!▓,*,*,*,*,*,*,*,
▓_▓.▓.▓)▓.▓.▓.▓,*,*,*,*,*,*,*,
▓_▓.▓.▓)▓.▓.▓.▓,*+*,*,*,*,*,*+
▓_▓.▓.▓.▓.▓.▓(▓,*,*,*+*,*,*,*,
▓_▓.▓.▓.▓.▓.▓.▓,*,*,*,*,*,*,*,
▓_▓.▓.▓.▓.▓.▓.▓,*,*,*,*,*,*,*,
▓_▓.▓.▓.▓.▓.▓.▓,*,*,*,*,*,*,*,
▓_▓.▓.▓.▓'▓.▓(▓,*,*,*,*,*,*,*,
▓'▓.▓'▓.▓)▓.▓@▓,*,*,*,*,*,*,*,
▓.▓.▓.▓.▓)▓.▓(▓,*,*,*,*,*,*,*,
▓.▓.▓.▓.▓)▓.▓)▓,*,*,*,*,*,*,*,
▓.▓.▓.▓.▓)▓.▓.▓,*,*,*,*,*,*,*,
▓.▓.▓.▓.▓)▓.▓(▓,*+*,*,*,*,*,*,
▓.▓.▓.▓.▓∩▓.▓.▓,*,*,*,*,*,*,*,
▓.▓.▓.▓.▓.▓.▓C▓,*,*,*,*,*,*,*,
▓.▓.▓.▓.▓∩▓.▓R▓,*,*,*,*,*,*,*,
▓.▓.▓.▓.▓.▓.▓Z▓,*,*,*,*,*,*,*+


You could see a stone giant and a rakshasa.

Vanquished Creatures
  A ghost moth (D)
  A stone giant (D)
  An ettin (D)
  Erolcha (D)
  Harold (D)
  An ice dragon (D)
  2 centaur warriors (D)
  A death knight (D)
  A tengu warrior (D)
  5 orc high priests (D)
  A wizard (D)
  3 lindwurms (D)
  An orc knight (D)
  An orc sorcerer (D)
  Psyche (D)
  3 spiny frogs (D)
  2 komodo dragons (D)
  A tyrant leech (D)
  A wyvern (D)
  2 water moccasins (D)
  3 porcupines (D)
  11 orc warriors (D)
  A phantom (D)
  An ogre (D)
  A centaur (D)
  2 crocodiles (D)
  7 bullfrogs (D)
  A howler monkey (D)
  A hound (D)
  4 orc wizards (D)
  11 orc priests (D)
  An iguana (D)
  A shadow imp (D)
  An adder skeleton (D)
  An adder zombie (D)
  4 worms (D)
  5 orcs (D)
  A goblin (D)
  A hobgoblin (D)
  A quokka (D)
  A frilled lizard (D)
  A kobold (D)
  A rat (D)
93 creatures vanquished.

Vanquished Creatures (collateral kills)
  A necrophage (D)
  A bullfrog (D)
  A crimson imp (D)
  A quasit (D)
  An adder zombie (D)
5 creatures vanquished.

Vanquished Creatures (others)
  Lom Lobon (D)
  A stone giant (D)
  6 great orbs of eyes (D)
  An ogre mage (D)
  A centaur warrior (D)
  2 ironbrand convokers (D)
  A vault sentinel (D)
  3 slime creatures (D)
  An acid dragon (D)
  A floating eye (D)
  9 jellies (D)
27 creatures vanquished.

Grand Total: 125 creatures vanquished

Notes
Turn   | Place    | Note
-------+----------+-------------------------------------------
     0 | D        | night the Troll Fighter began the quest for the Orb.
     0 | D        | Reached XP level 1. HP: 22/22 MP: 0/0
    14 | D        | Reached skill level 3 in Unarmed Combat
    37 | D        | Noticed a phantom
    37 | D        | Noticed an iguana
    49 | D        | HP: 3/22 [phantom (6)]
    51 | D        | Killed a phantom
    51 | D        | Reached skill level 6 in Unarmed Combat
    51 | D        | Reached XP level 2. HP: 6/33 MP: 1/1
    51 | D        | Reached XP level 3. HP: 8/40 MP: 2/2
    51 | D        | Reached XP level 4. HP: 9/49 MP: 3/3
    64 | D        | Reached skill level 7 in Unarmed Combat
   146 | D        | Found a roughly hewn altar of Beogh.
   146 | D        | Found a snail-covered altar of Cheibriados.
   146 | D        | Found a shadowy altar of Dithmenos.
   146 | D        | Found a white marble altar of Elyvilon.
   146 | D        | Found a blossoming altar of Fedhas.
   146 | D        | Found an opulent altar of Gozag.
   147 | D        | Found a hazy altar of Hepliaklqana.
   148 | D        | Found a viscous altar of Jiyva.
   149 | D        | Found an ancient bone altar of Kikubaaqudgha.
   150 | D        | Found a corrupted altar of Lugonu.
   151 | D        | Found a burning altar of Makhleb.
   152 | D        | Found a sparkling altar of Nemelex Xobeh.
   153 | D        | Found an iron altar of Okawaru.
   154 | D        | Found a stormy altar of Qazlal.
   155 | D        | Found a sacrificial altar of Ru.
   156 | D        | Became a worshipper of Jiyva Jycyxzif the Shapeless
   156 | D        | Reached * piety under Jiyva
   157 | D        | Found a shimmering blue altar of Sif Muna.
   157 | D        | Killed an ironbrand convoker
   157 | D        | Killed a centaur warrior
   158 | D        | Found a bloodstained altar of Trog.
   159 | D        | Found a hide-covered altar of Uskayaw.
   159 | D        | Killed an ironbrand convoker
   159 | D        | Killed a great orb of eyes
   160 | D        | Found a radiant altar of Vehumet.
   160 | D        | Killed a slime creature
   161 | D        | Found an ornate altar of the Wu Jian Council.
   162 | D        | Found a shimmering altar of Xom.
   162 | D        | Killed a great orb of eyes
   163 | D        | Found a basalt altar of Yredelemnul.
   163 | D        | Killed a great orb of eyes
   164 | D        | Found a glowing silver altar of Zin.
   164 | D        | Reached ** piety under Jiyva
   165 | D        | Found a glowing golden altar of the Shining One.
   165 | D        | Killed a great orb of eyes
   166 | D        | Killed a slime creature
   168 | D        | Killed an acid dragon
   169 | D        | Killed a floating eye
   169 | D        | Killed a great orb of eyes
   171 | D        | Killed a vault sentinel
   176 | D        | Killed a slime creature
   186 | D        | Killed an ogre mage
   193 | D        | Reached *** piety under Jiyva
   196 | D        | Gained mutation: You have acidic saliva. [Jiyva's grace]
   196 | D        | Reached **** piety under Jiyva
   196 | D        | Gained mutation: Your system is resistant to poisons.
                  | (rPois) [Jiyva's grace]
   196 | D        | Reached ***** piety under Jiyva
   196 | D        | Gained mutation: Your flesh is cold resistant. (rC+)
                  | [Jiyva's grace]
   196 | D        | Lost mutation: Your flesh is cold resistant. (rC+) [Jiyva's
                  | grace]
   196 | D        | Gained mutation: Your flesh is heat resistant. (rF+)
                  | [Jiyva's grace]
   196 | D        | Reached ****** piety under Jiyva
   200 | D        | Killed a great orb of eyes
   201 | D        | Gained mutation: Your magical capacity is low. (-10% MP)
                  | [Jiyva's grace]
   202 | D        | Noticed an ogre
   202 | D        | Noticed a necrophage
   202 | D        | Noticed a bullfrog
   207 | D        | Killed an ogre
   207 | D        | Reached skill level 5 in Fighting
   207 | D        | Reached skill level 5 in Shields
   207 | D        | Reached skill level 8 in Unarmed Combat
   207 | D        | Reached XP level 5. HP: 17/57 MP: 3/3
   210 | D        | Killed a necrophage
   210 | D        | Reached skill level 9 in Unarmed Combat
   211 | D        | Reached XP level 6. HP: 23/67 MP: 4/4
   267 | D        | Gained mutation: Your rubbery body absorbs attacks. (AC +1,
                  | EV +1) [Jiyva's grace]
   284 | D        | Noticed a wyvern
   284 | D        | Noticed a death knight
   290 | D        | Killed a wyvern
   290 | D        | Reached skill level 10 in Unarmed Combat
   303 | D        | Killed a death knight
   303 | D        | Reached skill level 12 in Unarmed Combat
   303 | D        | Reached XP level 7. HP: 56/79 MP: 5/5
   303 | D        | Reached XP level 8. HP: 62/88 MP: 6/6
   446 | D        | Lost mutation: Your magical capacity is low. (-10% MP)
                  | [potion of mutation]
   446 | D        | Lost mutation: You have acidic saliva. [potion of mutation]
   446 | D        | Gained mutation: You have large cloven feet. [potion of
                  | mutation]
   446 | D        | Gained mutation: You are agile. (Dex +2) [potion of
                  | mutation]
   466 | D        | Noticed a spiny frog
   476 | D        | Reached skill level 13 in Unarmed Combat
   482 | D        | Killed a spiny frog
   496 | D        | Reached skill level 14 in Unarmed Combat
   496 | D        | Reached XP level 9. HP: 34/98 MP: 8/8
   610 | D        | Noticed a spiny frog
   610 | D        | Noticed a spiny frog
   613 | D        | Noticed a komodo dragon
   616 | D        | Killed a spiny frog
   620 | D        | Killed a spiny frog
   621 | D        | Reached skill level 15 in Unarmed Combat
   628 | D        | Killed a komodo dragon
   628 | D        | Reached skill level 10 in Fighting
   644 | D        | Noticed a lindwurm
   644 | D        | Noticed a tyrant leech
   644 | D        | Noticed a lindwurm
   646 | D        | Killed a lindwurm
   652 | D        | Killed a tyrant leech
   652 | D        | Reached skill level 16 in Unarmed Combat
   659 | D        | Noticed a lindwurm
   660 | D        | Killed a lindwurm
   660 | D        | Reached XP level 10. HP: 107/111 MP: 9/9
   669 | D        | Killed a lindwurm
   669 | D        | Reached skill level 17 in Unarmed Combat
   747 | D        | Noticed Psyche
   752 | D        | Killed Psyche
   763 | D        | Noticed Erolcha
   765 | D        | Paralysed by Erolcha for 4 turns
   772 | D        | Killed Erolcha
   820 | D        | Noticed an ettin
   849 | D        | Killed an ettin
   849 | D        | Reached skill level 18 in Unarmed Combat
  1014 | D        | Noticed a stone giant
  1021 | D        | Killed a stone giant
  1021 | D        | Reached skill level 12 in Fighting
  1085 | D        | Lost mutation: You have large cloven feet. [Jiyva's grace]
  1132 | D        | Noticed an orc sorcerer
  1140 | D        | Killed an orc sorcerer
  1140 | D        | Reached XP level 11. HP: 117/123 MP: 10/10
  1158 | D        | Reached skill level 19 in Unarmed Combat
  1327 | D        | Lost mutation: Your flesh is heat resistant. (rF+) [Jiyva's
                  | grace]
  1401 | D        | Found Apueps's Antique Armour Emporium.
  1401 | D        | Noticed an orc high priest
  1401 | D        | Noticed an orc high priest
  1402 | D        | Noticed an orc high priest
  1404 | D        | Noticed an orc high priest
  1408 | D        | Killed an orc high priest
  1410 | D        | Found Kurutun's Food Shoppe.
  1413 | D        | Noticed an orc high priest
  1427 | D        | Killed an orc high priest
  1428 | D        | Found Horrao Conu's Magic Scroll Emporium.
  1430 | D        | Killed an orc high priest
  1433 | D        | Noticed a soul eater
  1435 | D        | Killed an orc high priest
  1435 | D        | Reached skill level 20 in Unarmed Combat
  1436 | D        | Found Uthuytwo's Food Shoppe.
  1643 | D        | Killed an orc high priest
  1739 | D        | Gained mutation: Your mind is acute. (Int +2) [Jiyva's
                  | grace]
  1740 | D        | Gained mutation: You have large cloven feet. [Jiyva's
                  | grace]
  1740 | D        | Gained mutation: Your body has grown golden eyes which may
                  | confuse attackers. (Acc +3) [Jiyva's grace]
  1741 | D        | Lost mutation: Your body has grown golden eyes which may
                  | confuse attackers. (Acc +3) [Jiyva's grace]
  1745 | D        | Lost mutation: Your mind is acute. (Int +2) [Jiyva's grace]
  1750 | D        | Gained mutation: You are partially covered in yellow
                  | scales. (AC +2) [Jiyva's grace]
  1750 | D        | Gained mutation: Your body has grown golden eyes which may
                  | confuse attackers. (Acc +3) [Jiyva's grace]
  1758 | D        | Gained mutation: You evolve. [Jiyva's grace]
  1761 | D        | Lost mutation: You are agile. (Dex +2) [Jiyva's grace]
  1761 | D        | Lost mutation: You evolve. [Jiyva's grace]
  1765 | D        | Lost mutation: Your system is resistant to poisons. (rPois)
                  | [Jiyva's grace]
  1768 | D        | Gained mutation: Your system is resistant to poisons.
                  | (rPois) [Jiyva's grace]
  1771 | D        | Lost mutation: You are partially covered in yellow scales.
                  | (AC +2) [Jiyva's grace]
  1771 | D        | Gained mutation: You are agile. (Dex +2) [Jiyva's grace]
  1775 | D        | Lost mutation: Your body has grown golden eyes which may
                  | confuse attackers. (Acc +3) [Jiyva's grace]
  1784 | D        | Gained mutation: You have a small jelly attached to you
                  | that may absorb incoming projectiles. [Jiyva's grace]
  1787 | D        | Gained mutation: You have acidic saliva. [Jiyva's grace]
  1794 | D        | Gained mutation: You are robust. (+10% HP) [Jiyva's grace]
  1799 | D        | Gained mutation: Your movements are slightly less
                  | encumbered by armour. (ER -2) [Jiyva's grace]
  1801 | D        | Lost mutation: Your movements are slightly less encumbered
                  | by armour. (ER -2) [Jiyva's grace]
  1806 | D        | Gained mutation: Your magical capacity is low. (-10% MP)
                  | [Jiyva's grace]
  1807 | D        | Gained mutation: You are partially covered in slimy green
                  | scales. (AC +2) [Jiyva's grace]
  1807 | D        | Gained mutation: Armour fits poorly on your pseudopods.
                  | [Jiyva's grace]
  1808 | D        | Gained mutation: Your pliable body absorbs attacks. (AC +2,
                  | EV +2) [Jiyva's grace]
  1897 | D        | Bought a scroll of blinking for 97 gold pieces
  1897 | D        | Bought a scroll of fear for 45 gold pieces
  1897 | D        | Bought a scroll of magic mapping for 45 gold pieces
  1934 | D        | Noticed Harold
  1947 | D        | Killed Harold
  2067 | D        | Killed a ghost moth
  2067 | D        | Reached skill level 21 in Unarmed Combat
  2127 | D        | Killed Lom Lobon
  2317 | D        | Noticed a centaur warrior
  2317 | D        | Noticed a tengu warrior
  2317 | D        | Noticed an orc knight
  2321 | D        | Noticed a wizard
  2321 | D        | Killed a centaur warrior
  2329 | D        | Killed a tengu warrior
  2329 | D        | Reached skill level 14 in Fighting
  2332 | D        | Noticed an ice dragon
  2332 | D        | Killed an orc knight
  2332 | D        | Reached XP level 12. HP: 138/152 MP: 9/9
  2335 | D        | Noticed a stone giant
  2336 | D        | Noticed a rakshasa
  2337 | D        | Noticed a centaur warrior
  2344 | D        | Killed an ice dragon
  2351 | D        | Noticed a stone giant
  2352 | D        | Killed a stone giant
  2352 | D        | Reached skill level 22 in Unarmed Combat
  2357 | D        | Killed a centaur warrior
  2358 | D        | HP: 19/154 [stone giant/large rock (26)]
  2362 | D        | Hit by a large rock thrown by a stone giant

Levels and vault maps discovered:
D:        linesprint [early_d, line_temple, items_1, d_10, items_2, lair_1,
          lair_end, items_3, orc_1, orc_end, items_4, d_15, swamp_1, shoals_1,
          snake_1, spider_1, d_20, vaults_1, items_5, swamp_end, shoals_end,
          snake_end, spider_end, vaults_end, d_27, items_6, zot_1, zot_end,
          crypt_end, forest_end, elf_end, slime_end, tomb_end, abyss_end,
          pan_hell_end]

Skill      XL: |  1  2  3  4  5  6  7  8  9 10 11 12 |
---------------+-------------------------------------+-----
Unarmed Combat | 6 8 9 12 14 16 18 21 22 | 22.3
Fighting       | 4 5 7 9 10 12 14 | 14.6
Shields        | 4 5 7 9 |  9.3
Dodging        | |  2.4

Action                   |  1- 3 |  4- 6 |  7- 9 | 10-12 || total
-------------------------+-------+-------+-------+-------++-------
Melee: Unarmed           |    25 |    28 |    69 |   171 ||   293
       Kick              |       |       |    19 |    41 ||    60
       Bite              |       |       |     1 |    10 ||    11
       Pseudopods        |       |       |       |    20 ||    20
Throw: Large rock        |       |       |       |     2 ||     2
Invok: Request Jelly     |       |       |       |     1 ||     1
Evoke: Wand              |       |       |       |     6 ||     6
  Use: Potion            |       |       |     1 |     1 ||     2
       Scroll            |       |       |       |     1 ||     1
  Eat: Chunk             |     6 |     1 |     3 |    10 ||    20
Armor: Robe              |     1 |     4 |     8 |    17 ||    30
       Swamp dragon scal |       |       |       |     6 ||     6
Dodge: Dodged            |     2 |     7 |    11 |    23 ||    43
Block: Shield            |     7 |     5 |    21 |    65 ||    98
       Large shield      |       |       |       |    20 ||    20

Table legend:
 A = Non-vault XP
 B = Vault XP
 C = Vault XP percentage of total XP
 D = Non-vault monster count
 E = Vault monster count
 F = Vault count percentage of total count
                 A         B        C        D         E       F
            +---------+---------+-------+---------+---------+-------
      Total |       0 |   26484 | 100.0 |       0 |      99 | 100.0
            +---------+---------+-------+---------+---------+-------
          D |       0 |   26484 | 100.0 |       0 |      99 | 100.0
            +---------+---------+-------+---------+---------+-------
